[Event "8th Montevideo Open 2025"]
[Site "Montevideo"]
[Date "2025.02.07"]
[Round "7.8"]
[White "De Dovitiis, Alejo"]
[Black "Miller, Ariel"]
[Result "1-0"]
[Annotator "TA"]
[ECO "B22"]
[WhiteElo "2225"]
[BlackElo "1835"]
[PlyCount "66"]
[EventDate "2025.02.01"]
[EventType "swiss"]
[EventCountry "URU"]
[SourceTitle "playchess.com"]
[Source "ChessBase"]
[SourceQuality "1"]
[TimeControl "5400+30"]

1. e4 c5 2. Nf3 e6 3. c3 Nf6 4. e5 Nd5 5. g3 Nc6 6. Bg2 d6 7. exd6 Bxd6 8. O-O O-O 9. Na3 Bd7 {[%emt 0:03:00] B22: Sicilian: 2 c3.} 10. Nc4 Bc7 11. a4 Rb8 $146 {[%emt 0:02:14] The position is equal.} (11... a6 12. d3 b5 13. axb5 axb5 14. Rxa8 Qxa8 15. Ne3 b4 16. c4 Nf6 17. d4 Qa7 18. dxc5 Qxc5 {1-0 Postnova,E (2246)-Meshcheriakova,E (2201) RUS-ch U16 Girls 2001}) 12. Re1 a6 13. d3 b5 14. axb5 axb5 15. Ne3 Nce7 16. d4 c4 17. Qe2 Bc6 18. Ng4 Ng6 (18... Ra8 $11 19. Bg5 h6) 19. h4 $16 h6 20. h5 Nge7 21. Nfe5 (21. Nxh6+ $16 gxh6 22. Bxh6) 21... Bd7 $2 (21... Bxe5 $11 {and Black stays safe.} 22. Nxe5 Ba8) 22. Nxh6+ gxh6 23. Bxh6 {[%emt 0:06:28] [#] Hoping for Qg4+. White attacks} Bxe5 24. Qg4+ ({Much weaker is} 24. Qxe5 f6 25. Qe2 Rf7 $15) 24... Kh8 25. Bxf8 {[%emt 0:03:54] White is much more active.} (25. Rxe5 Rg8 26. Qf3 f6 $19) 25... Qxf8 26. Rxe5 Qh6 $2 {[%emt 0:07:07][%mdl 8192] [#]} (26... Bc6 $14) 27. Bxd5 $18 ({But not} 27. Rxd5 Rg8 $18) 27... Nxd5 28. Rxd5 f5 (28... Rg8 $142) 29. Qe2 exd5 30. Qe5+ Kh7 31. Qxb8 Qxh5 32. Ra7 Qd1+ 33. Kg2 Qh1+ {[%emt 0:00:10] Weighted Error Value: White=0.34/Black=1.10  Loses game:     	---       	Black=1      Mistake:       	White=1     	Black=3      Inaccurate:     	White=3     	Black=1      OK:         	White=9     	Black=7      Best:        	White=2     	Black=1} 1-0

[Event "8th Montevideo Open 2025"]
[Site "Montevideo"]
[Date "2025.02.07"]
[Round "7.9"]
[White "Milat, Marcel"]
[Black "Martello, Benjamin"]
[Result "1-0"]
[Annotator "TA"]
[ECO "D75"]
[WhiteElo "2190"]
[BlackElo "1968"]
[PlyCount "61"]
[EventDate "2025.02.01"]
[EventType "swiss"]
[EventCountry "URU"]
[SourceTitle "playchess.com"]
[Source "ChessBase"]
[SourceQuality "1"]
[TimeControl "5400+30"]

1. Nf3 Nf6 2. c4 c5 3. g3 g6 4. Bg2 Bg7 5. Nc3 O-O 6. O-O d5 7. cxd5 Nxd5 8. d4 Nc6 9. Nxd5 Qxd5 10. Be3 $1 Rd8 {[%emt 0:10:26] D75: Fianchetto Grünfeld: Main Line with 7...c5.} (10... Bxd4 11. Nxd4 Qh5 12. Nxc6 bxc6 13. Bxc6 $18) 11. dxc5 ({White should play} 11. Qa4 $1 $14) 11... Bxb2 $146 (11... Qc4 $11 12. Qb3 Qxb3 13. axb3 a5) (11... Qc4 12. Nd2 Qa6 13. Re1 Bxb2 14. Rb1 Bd4 15. Bxd4 Rxd4 16. Rb2 Be6 17. Qc1 Rad8 18. h4 {1-0 Kovalenko,I (2637)-Kantans,T (2449) Baltic zt Vilnius 2014 (11)}) 12. Qxd5 $14 Rxd5 {[%emt 0:00:31] White is slightly better.} 13. Rab1 Bf6 14. Ne1 Rd8 15. Nd3 Bg4 16. Nf4 (16. Rxb7 $16 Bxe2 17. Re1) 16... Rd7 {[%emt 0:09:29] [#] Black is now going downhill.} (16... Rab8 $11 {remains equal.}) 17. Rxb7 $3 $16 Rxb7 (17... Rc8 18. Rfb1) 18. Bxc6 Rab8 19. Bxb7 Rxb7 20. Rc1 Rb2 21. c6 Rxa2 22. c7 Bc8 23. Rd1 {[%emt 0:01:35] Rd8+ would now be deadly.} Ra1 24. Rxa1 Bxa1 $18 {[%emt 0:00:02][%mdl 4096] Endgame [#] KBB-KBN} 25. Nd5 $1 (25. Bxa7 e6 $14) 25... Kf8 26. Bxa7 Ke8 27. Nb6 Bb7 28. e3 (28. c8=R+ Bxc8 29. Nxc8 Kd8) ({Weaker is} 28. c8=N Kd8 $11) ({Don't do} 28. c8=B Bxc8 29. Nxc8 Kd8 $18) 28... e6 29. c8=Q+ {[%emt 0:19:36] White is winning.} Bxc8 30. Nxc8 Kd7 31. Nb6+ {[%emt 0:00:00] Weighted Error Value: White=0.12 (very precise) /Black=0.38  Mistake:       	White=2     	Black=2      Inaccurate:     	---       	Black=2      OK:         	White=10    	Black=6      Best:        	White=4     	Black=1      Strong:       	White=1     	---} 1-0

[Event "8th Montevideo Open 2025"]
[Site "Montevideo"]
[Date "2025.02.07"]
[Round "7.10"]
[White "Dominguez, Facundo"]
[Black "Varela, Mateo"]
[Result "1/2-1/2"]
[Annotator "TA"]
[ECO "B30"]
[WhiteElo "2159"]
[BlackElo "1955"]
[PlyCount "253"]
[EventDate "2025.02.01"]
[EventType "swiss"]
[EventCountry "URU"]
[SourceTitle "playchess.com"]
[Source "ChessBase"]
[SourceQuality "1"]
[TimeControl "5400+30"]

1. e4 c5 2. Nf3 Nc6 3. Bb5 e6 4. O-O Nge7 5. Re1 a6 6. Bf1 d5 7. exd5 Nxd5 8. d4 cxd4 9. Nxd4 Ndb4 {[%emt 0:00:24] B30: Sicilian: 2...Nc6 3 Bb5, lines without ...g6.} 10. Nxc6 Qxd1 11. Rxd1 bxc6 {[%emt 0:00:10] White is slightly better.} 12. Na3 a5 13. c3 Nd5 14. Nc4 f6 {[%emt 0:10:19] Dodges Ne5} 15. Nd2 $146 (15. a4 Ba6 16. Be3 Bxc4 17. Bxc4 {½-½ Xiong,J (2693)-Kamsky,G (2655) Aimchess Rapid Div 2 W 2023 (2.2)}) 15... Bc5 (15... e5 $142) 16. Ne4 $11 Bb6 17. c4 Nc7 18. b3 e5 (18... Na6 $142) 19. Nd6+ (19. c5 $16 Ba7 20. Rd6) 19... Ke7 $14 20. Ba3 {[%emt 0:00:36] White attacks} (20. Nxc8+ Raxc8 21. Ba3+ c5 22. Bd3) 20... c5 21. Be2 (21. Nxc8+ {simplifies} Raxc8 22. Bd3 g6 23. Be4) 21... Ne6 22. Bg4 {[%emt 0:01:28][%cal Of2f4] White has more active pieces.} g6 23. Bxe6 Bxe6 24. Ne4 Rhc8 25. Rd6 Bf5 26. Rxb6 (26. Nxf6 $2 Kxd6 27. Nd5 Bd8 $19) (26. Rxf6 Ba7 (26... Bxe4 $2 27. Rxb6 a4 28. h3 $18) 27. Rxf5 gxf5 $11) 26... Bxe4 27. f3 Bc2 28. Rc1 Bd3 (28... Bf5 $142) 29. Rb5 $36 {[%emt 0:01:38][%mdl 2048] White is really pushing.} Ke6 30. Rd1 (30. Bxc5 Rcb8) 30... e4 31. fxe4 Bxe4 32. Bxc5 a4 (32... Ra6 $16 33. Rd4 f5) 33. Rb6+ $18 Kf7 34. Rd7+ Kg8 {[%emt 0:00:13] White must now prevent ...axb3.} 35. b4 f5 36. Kf2 Rd8 37. Rbd6 Rxd7 38. Rxd7 {[%emt 0:00:02][%mdl 4096] Endgame KRB-KRB. White is a pawn up.} Bb1 (38... Rc8 $142 39. a3 Bc2) 39. b5 Rc8 40. Bd6 (40. Rd5 Bxa2 41. b6 Bxc4 $11) 40... Rxc4 41. b6 Be4 42. b7 Rc2+ 43. Ke3 Bxb7 44. Rxb7 Rxg2 $2 {[%emt 0:00:56] KRB-KR} (44... a3 45. Kf3 (45. Bxa3 Rc3+ 46. Kf4 Rxa3 $11) (45. Rb8+ Kf7 $18) 45... Rxa2) 45. Kf4 Rxh2 46. a3 Rd2 $2 (46... Re2 47. Kg5 Re6) 47. Bb4 $2 (47. Ke5 {Hoping for Ke6.} Re2+ 48. Kf6) 47... Rc2 (47... Rd5 {keeps fighting.} 48. Kg5 f4+ 49. Kxf4 Rf5+ 50. Ke3 h5) 48. Kg5 Rc4 $2 (48... f4 49. Kxf4 Rg2) 49. Ra7 Rc2 50. Rxa4 $2 (50. Bd6 $18 {is more deadly.}) 50... Kf7 $16 51. Ra7+ Ke6 52. Rxh7 Rg2+ 53. Kf4 $1 g5+ 54. Kf3 Rb2 55. Rg7 Rb3+ 56. Ke2 g4 57. Rg8 g3 58. Re8+ Kd5 59. Rd8+ Ke4 60. Re8+ Kd5 $1 61. Rf8 Ke4 62. Bd2 $1 {[%emt 0:00:33] Prevents f4} Rxa3 63. Re8+ Kd5 64. Be3 Ra4 65. Kf3 Rg4 66. Rd8+ Ke5 67. Rd1 g2 68. Bf2 (68. Rg1 Rh4 69. Bg5 Rg4 70. Bc1) 68... Ra4 69. Kxg2 (69. Re1+ {is more complex.} Re4 70. Bg3+ Ke6 71. Rg1) 69... Rg4+ 70. Kf1 Re4 71. Ra1 Kf4 72. Kg2 Kg4 73. Ra8 Kg5 74. Rg8+ Kf6 75. Kf3 {[%emt 0:00:10] Repels Rg4} Ra4 76. Be3 Kf7 77. Rb8 Ke6 78. Rb5 Rc4 79. Ke2 Ra4 80. Bd2 Ra3 81. Bc1 Ra4 82. Bb2 Re4+ 83. Kf3 Ra4 84. Re5+ Kd7 85. Rxf5 Ke8 86. Ke3 Rb4 87. Bd4 Rb1 88. Ke4 Re1+ 89. Kd5 Rd1 90. Ke5 Re1+ 91. Kd6 Rd1 92. Rf4 Rd2 93. Ke6 Kd8 $2 (93... Re2+ $16 94. Be5 Rd2) 94. Be5 Kc8 95. Rf7 $2 (95. Rb4 $1 Rb2 96. Rxb2 Kd8 97. Rb8#) 95... Rd1 $2 {[%emt 0:00:25][%mdl 8192] [#]} (95... Rd7 $16) 96. Rc7+ $1 Kd8 97. Ra7 $2 (97. Rc4 Ke8 98. Rh4 Rf1 99. Rb4 Rd1 100. Rh4) 97... Kc8 98. Bd6 Re1+ 99. Kd5 Rc1 $2 {[%emt 0:00:36][%mdl 8192] [#]} (99... Kd8 $16) 100. Bf4 $2 (100. Bc5 $1 Rb1 101. Kc6 Rb2 102. Rh7 Rd2 103. Rg7 Rd1 104. Ra7 Kb8 105. Ra4) 100... Rc2 101. Rh7 Ra2 102. Be3 Ra6 103. Bc5 Rg6 104. Bd6 {[%emt 0:00:36] Kc6 would kill now.} Rg1 $2 (104... Kd8 $16) 105. Ra7 $2 (105. Kc6 Rc1+ 106. Bc5 Rd1 107. Ra7 Rb1 108. Ba3 Rb3 109. Bd6 Rc3+ 110. Bc5) 105... Kd8 $2 (105... Rc1 $11) 106. Be5 $2 (106. Kc6 Ke8 107. Re7+ Kd8 108. Re6 Rg8 109. Bc5 Kc8 110. Bd4 Kb8 111. Rh6 Rc8+ 112. Kb6) 106... Rd1+ 107. Ke6 Kc8 108. Rc7+ Kd8 $1 109. Rf7 $2 (109. Rc4 {mates} Ke8 110. Re4 Rd7 111. Rg4 Re7+ 112. Kd6 Rh7 113. Ke6 Re7+) 109... Kc8 $1 110. Rf8+ Kb7 111. Rb8+ Kc6 112. Rc8+ Kb5 113. Kf5 (113. Bd6 $14) 113... Re1 {[%emt 0:00:22] The position is equal.} 114. Ke6 Rd1 115. Rc2 Rd3 116. Kf5 Rd1 117. Ke4 Rd7 118. Bd4 Rh7 119. Rc8 Rh4+ 120. Kd5 Rh5+ 121. Be5 Rg5 122. Rb8+ Ka5 123. Kd4 Ka6 124. Rb1 Rh5 125. Bd6 Rb5 126. Rg1 Rh5 127. Bc5 {[%emt 0:00:33] Weighted Error Value: White=0.31/Black=0.31  Loses game:     	---       	Black=4      Missed win:     	White=4     	---        Mistake:       	White=3     	Black=9      Inaccurate:     	White=4     	Black=2      OK:         	White=47    	Black=43     Best:        	White=5     	Black=12     Strong:       	White=2     	Black=3} 1/2-1/2

[Event "8th Montevideo Open 2025"]
[Site "Montevideo"]
[Date "2025.02.07"]
[Round "7.11"]
[White "Komarov, Leonid"]
[Black "Brizzi, Milagros Tatiana"]
[Result "1-0"]
[Annotator "TA"]
[ECO "B41"]
[WhiteElo "1956"]
[BlackElo "2150"]
[PlyCount "67"]
[EventDate "2025.02.01"]
[EventType "swiss"]
[EventCountry "URU"]
[SourceTitle "playchess.com"]
[Source "ChessBase"]
[SourceQuality "1"]
[TimeControl "5400+30"]

1. e4 c5 2. Nf3 e6 3. d4 cxd4 4. Nxd4 a6 5. c4 Nf6 6. Nc3 d6 7. Be2 {[%emt 0:01:45] White is more active.} Nbd7 {[%emt 0:01:41] B41: Sicilian: Kan Variation: 5 c4.} 8. Be3 Qc7 9. O-O b6 {[%emt 0:00:34] White is slightly better.} 10. f4 Bb7 11. Qc2 Be7 12. b3 Rc8 13. a4 O-O 14. Bf3 Rfe8 $146 (14... Nc5 15. Rad1 Rfe8 16. Nde2 Bf8 17. Ng3 Qb8 18. Bd4 Be7 19. e5 dxe5 20. Bxe5 Qa8 21. Bxb7 Qxb7 22. Bd4 Red8 {½-½ Klapp,H (2123)-Kraus,G (2152) GER-ch34 V10 email 2002}) 15. g4 e5 16. Nf5 {[%emt 0:03:13] [#]} exf4 17. Bxf4 Nc5 {[%emt 0:07:16][%csl Od6] White attacks a weakness Loses the game.} ({Better is} 17... Ne5 $14) 18. Rad1 $36 {[%emt 0:08:09][%cal Og4g5][%mdl 2048] Keeping Black busy.} Red8 (18... h6 $142 19. Bxd6 (19. Nxd6 Ne6 $16) 19... Bxd6 20. Nxd6 Re6) 19. g5 Ne8 20. Nd5 Bxd5 21. exd5 Nb7 $2 {[%emt 0:08:14] [#] Black is weak on the light squares} (21... Bf8 22. Nd4 g6) 22. Nd4 {[%emt 0:03:54] Strongly threatening Be3.} Na5 (22... g6 $142 23. Nc6 Ng7) 23. Nc6 Nxc6 $2 (23... g6 {might work better.} 24. Nxd8 Rxd8) 24. dxc6 Qa7 25. Qf2 a5 26. Be3 Nc7 27. Bg4 {[%emt 0:00:15] A strong pair of Bishops.} f6 28. Bxc8 Rxc8 29. Qf5 Rd8 30. Bd4 d5 31. gxf6 Bc5 32. fxg7 {[%emt 0:00:59][%csl Gf1][%cal Rf5f7] White mates.} Bxd4+ 33. Rxd4 Ne6 34. Qxe6+ {[%emt 0:00:10] Weighted Error Value: White=0.19 (very precise) /Black=1.35  Mistake:       	---       	Black=5      Inaccurate:     	White=1     	Black=2      OK:         	White=6     	Black=6      Best:        	White=1     	Black=2} 1-0

[Event "8th Montevideo Open 2025"]
[Site "Montevideo"]
[Date "2025.02.07"]
[Round "7.12"]
[White "Silva, Juliana Figueira The"]
[Black "Meza, Anahi"]
[Result "1/2-1/2"]
[Annotator "TA"]
[ECO "A87"]
[WhiteElo "1850"]
[BlackElo "2038"]
[PlyCount "244"]
[EventDate "2025.02.01"]
[EventType "swiss"]
[EventCountry "URU"]
[SourceTitle "playchess.com"]
[Source "ChessBase"]
[SourceQuality "1"]
[TimeControl "5400+30"]

1. d4 f5 2. g3 Nf6 3. Bg2 g6 4. c4 Bg7 5. Nf3 O-O 6. O-O d6 7. d5 e5 {[%emt 0:00:00] A87: Dutch Defence: Leningrad System: 5 Nf3.} 8. dxe6 Ne4 $146 {[%emt 0:00:00][%cal Ob8c6] Inhibits Nc3.} (8... Bxe6 9. Nd4 Bxc4 10. Bxb7 Nbd7 11. Qc2 Nb6 12. Bxa8 Qxa8 13. Nc3 c5 14. Ndb5 Qc6 15. Na3 {0-1 Djordjevic,V (2385)-Nepomniachtchi,I (2779) Titled Tuesday intern op 06th Jun Early blitz 2023 (8)}) 9. Nd4 Na6 {[%emt 0:00:00] White has an edge.} 10. e3 c6 11. Nd2 Ng5 12. Rb1 Nxe6 13. Nxe6 Bxe6 14. b4 Qc7 15. Qc2 Rad8 16. Nf3 Rfe8 17. Ng5 Bc8 18. h4 h6 19. Nh3 Be6 (19... Be5 $14) 20. a3 (20. Nf4 $16) 20... Qf7 $11 21. b5 cxb5 22. cxb5 Nc5 23. Nf4 Bc4 24. Qxc4 Qxc4 25. Bd5+ Qxd5 $1 26. Nxd5 Rc8 27. Bb2 Bxb2 28. Rxb2 Kf7 {[%emt 0:00:00] Against Nf6} 29. Rc2 Nd3 30. Rd2 Ne5 31. Kg2 {[%emt 0:00:00] Prevents Nf3.} Nc4 32. Rd3 Rc5 33. a4 Nb2 34. Rd2 (34. Rd4 Re4 35. Rxe4 fxe4 $15) 34... Nxa4 35. Ra1 Re4 36. Nf4 $1 Rxb5 (36... g5 37. hxg5 hxg5 38. Nh3 $16) 37. Rxd6 Rb6 $2 (37... Nb6 $11 {and Black stays safe.}) 38. Rd7+ $18 {[%emt 0:00:27][%mdl 1024] White has strong compensation.} Kf8 39. Rh7 (39. Rc1 $18 Rc6 40. Rxc6 bxc6 41. Nxg6+ (41. Rxa7 g5 $18) 41... Ke8 42. Rxa7) 39... Kg8 (39... Nc5 $16) 40. Rd7 $2 (40. Rxh6 $2 Kg7 41. Rxg6+ (41. f3 $2 Reb4 $19) 41... Rxg6 $19) ({White must play} 40. Rc7 $1 $18 {Black must now prevent Rd1.} Rd6 41. Rxb7) 40... Nc5 (40... Kf8 $1 $11) 41. Rd8+ (41. Rd5 $16 Rc4 (41... Ra4 $2 42. Rc1 $18) 42. Rxa7) 41... Kf7 $14 42. Rxa7 Ra6 43. Rxa6 bxa6 $16 {[%emt 0:00:01][%mdl 4096] Endgame KRN-KRN} 44. Rd6 (44. Rd5 $1 $16 Ne6 45. Nd3) 44... a5 45. Rc6 (45. Rxg6 $2 {too greedy.} Rxf4 46. Rxh6 Rb4 $19) 45... Nb3 46. Ra6 ({Worse is} 46. Rxg6 Rxf4 47. Rxh6 Rc4 $19) 46... g5 47. hxg5 hxg5 48. Nh3 Rg4 (48... Ke7 $14) 49. f3 Rc4 50. Nxg5+ Ke7 51. e4 fxe4 52. Nxe4 a4 53. Kf2 Nd4 54. Ke3 Rb4 55. Ra7+ Ke6 {[%emt 0:00:12] [#]} (55... Ke8 $16) 56. Rxa4 $1 $18 Nf5+ 57. Kf2 Rb2+ 58. Ke1 Ne3 59. Nd2 Kf5 (59... Nd5 $142 60. Ra6+ Ke7) 60. Ke2 Nd5 61. Ra5 Ke6 62. Kd3 Rb7 63. Ra6+ Kf5 {[%emt 0:00:19] and ...Nb4+ should not be overlooked} 64. Ra5 (64. Kd4 $142 Nf6 65. Rd6) 64... Ke6 $1 65. Ne4 Rb3+ 66. Kc4 Rb4+ 67. Kd3 Rb3+ 68. Ke2 Rb2+ {[%emt 0:00:22] [#]} 69. Nd2 $1 Rb4 70. f4 (70. Ra8 $18) 70... Nxf4+ $1 $14 71. gxf4 Rxf4 {[%emt 0:00:01] KRN-KR} 72. Ke3 Rb4 73. Ne4 Rb1 74. Nd2 Rb4 $1 75. Rh5 Ra4 76. Ne4 {[%emt 0:00:33] Intending Nc5+ and mate.} Ra1 77. Nc3 Rg1 78. Kd4 Ra1 79. Rb5 Rh1 80. Re5+ Kd6 81. Ne4+ Kc6 82. Rc5+ Kd7 83. Ra5 Rd1+ 84. Ke5 Rh1 85. Ra7+ Kc6 86. Ra6+ Kb5 87. Ra8 Kc4 88. Rc8+ Kb4 89. Nf2 Rh5+ 90. Kd4 Rh7 91. Rb8+ Ka5 92. Ne4 Rh4 93. Kd5 Rh5+ 94. Kc6 Rh1 95. Nc3 Rc1 $2 (95... Rh3 $14) 96. Rb3 $2 (96. Rb5+ {mates} Ka6 97. Rb3 Ka7 98. Kc7 Ra1 99. Rb7+ Ka8 100. Rb8+ Ka7 101. Nb5+ Ka6 102. Ra8+ Kxb5 103. Rxa1) 96... Rh1 97. Kc5 Rh5+ 98. Nd5 Ka4 99. Rb8 Ka3 100. Kc4 Rh4+ 101. Kd3 Ka4 {[%emt 0:00:58] The position is equal.} 102. Nc3+ Ka5 103. Ne4 Rh3+ 104. Kd4 Rh4 105. Rb1 Ka4 106. Kd3 Ka5 107. Nd2 Rh3+ 108. Ke4 Rh4+ 109. Kd5 Rh5+ 110. Kd4 Rh4+ 111. Ne4 Ka4 112. Ke5 Rh5+ 113. Kd6 Ka5 114. Nc3 Rh3 115. Rb3 Rh5 116. Kc6 Rg5 117. Nd5 Ka4 {[%emt 0:00:21] Prevents Ra3+.} 118. Rb8 Rg1 119. Nc3+ Ka3 120. Kc5 Rg5+ 121. Nd5 Ka4 122. Kc4 Ka5 $2 {[%emt 0:01:34][%mdl 40960] Weighted Error Value: White=0.18 (very precise) /Black=0.25 (precise)  An unexpected result.  Loses game:     	---       	Black=3      Missed win:     	White=2     	---        Mistake:       	White=6     	Black=6      Inaccurate:     	White=2     	Black=3      OK:         	White=45    	Black=40     Best:        	White=5     	Black=7      Strong:       	White=1     	Black=4      Brilliant:      	White=1     	---} (122... Rg1 $11) 1/2-1/2

[Event "8th Montevideo Open 2025"]
[Site "Montevideo"]
[Date "2025.02.07"]
[Round "7.13"]
[White "Cayetano, Juan"]
[Black "Curi, Gabriel"]
[Result "1/2-1/2"]
[Annotator "TA"]
[ECO "C01"]
[WhiteElo "1940"]
[BlackElo "2115"]
[PlyCount "112"]
[EventDate "2025.02.01"]
[EventType "swiss"]
[EventCountry "URU"]
[SourceTitle "playchess.com"]
[Source "ChessBase"]
[SourceQuality "1"]
[TimeControl "5400+30"]

1. e4 e6 2. d4 d5 3. exd5 exd5 4. Bd3 Nc6 5. c3 Bd6 6. Nf3 Bg4 7. O-O {[%emt 0:03:28] 7.h3 might become the main line.} Nge7 8. a4 {[%emt 0:06:46] C01: French: Exchange Variation.} Qd7 9. a5 a6 10. Re1 f6 $146 (10... O-O 11. Nbd2 Ng6 12. Nf1 Rae8 13. Ne3 Nf4 14. Nxg4 Qxg4 15. Bxf4 Qxf4 16. Qb3 Ne7 {1-0 Snigurov,M (2244)-Dehtiarov,R (2346) UKR-ch Rapid 92nd 2024 (5)}) 11. Nbd2 O-O 12. Nf1 Rfe8 13. Ne3 {[%emt 0:01:30] [#] aiming for Nxg4.} Bh5 14. b3 Bg6 15. Nh4 Bxd3 16. Qxd3 Bf4 17. Bd2 Bxe3 (17... g5 $5 18. Nf3 $8 Ng6 $11) 18. Rxe3 g5 19. Nf3 Nf5 20. Rxe8+ Rxe8 21. g3 Nd6 {[%emt 0:03:30] Not much happening anymore} 22. Kg2 Qf5 (22... Ne4 $15 23. Ne1 Ne7) 23. Qxf5 $11 Nxf5 24. Kf1 Nd6 25. Ng1 Kf7 26. h3 Kg6 27. f3 h5 28. Ne2 Nf5 29. Kf2 Re7 30. Ra2 Rh7 31. Ra1 h4 32. g4 Nd6 33. Be3 Re7 34. Bd2 Re8 35. Be3 Ra8 36. Ra4 b6 37. axb6 cxb6 38. c4 b5 39. cxb5 Nxb5 40. Ke1 Ra7 41. Bd2 Kf7 42. Kf2 Nc7 43. Ke3 Rb7 44. b4 Na7 45. Kd3 Nab5 46. Nc1 Nd6 47. Nb3 Nc4 {[%emt 0:00:00] [#]} 48. Na5 $1 Nxa5 49. Rxa5 {[%emt 0:00:00][%mdl 4096] Endgame KRB-KRN} Rb5 50. f4 $2 (50. Ra1 $11 {and White stays safe.}) 50... Kg6 $2 (50... Rxa5 $19 51. bxa5 f5 52. fxg5 (52. gxf5 $2 {perishes.} g4 $19) 52... fxg4 53. hxg4 h3) 51. Rxb5 {[%emt 0:00:00] The position is equal.} axb5 52. fxg5 {[%emt 0:00:00] KB-KN. White is a pawn up.} f5 {[%emt 0:00:00] aiming for ...fxg4.} 53. gxf5+ Kxf5 54. Be3 Ne6 55. Ke2 Nxg5 56. Bxg5 Kxg5 {[%emt 0:00:00] Weighted Error Value: White=0.14 (very precise) /Black=0.15 (very precise)   Loses game:     	White=1     	---        Missed win:     	---       	Black=1      Mistake:       	---       	Black=1      Inaccurate:     	White=4     	Black=3      OK:         	White=15    	Black=13     Best:        	White=2     	Black=1      Strong:       	White=1     	---} 1/2-1/2

[Event "8th Montevideo Open 2025"]
[Site "Montevideo"]
[Date "2025.02.07"]
[Round "7.14"]
[White "Estrada Nieto, Julian"]
[Black "Esteve, Federico"]
[Result "1/2-1/2"]
[Annotator "TA"]
[ECO "B13"]
[WhiteElo "2195"]
[BlackElo "1946"]
[PlyCount "100"]
[EventDate "2025.02.01"]
[EventType "swiss"]
[EventCountry "URU"]
[SourceTitle "playchess.com"]
[Source "ChessBase"]
[SourceQuality "1"]
[TimeControl "5400+30"]

1. e4 c6 2. d4 d5 3. exd5 cxd5 4. Bd3 Nf6 5. c3 Bg4 6. Qb3 Qc7 7. Na3 {B13: Caro-Kann: Exchange Variation and Panov-Botvinnik Attack.} a6 {Prevents Nb5} 8. h3 Bh5 9. Ne2 $146 {White is slightly better.} (9. Bf4 $5 Qc6 (9... Qxf4 10. Qxb7 e6 11. Qc8+ Ke7 12. g3 $14) 10. Ne2 $11) (9. Bf4 Qc8 10. Ne2 e6 11. O-O Nc6 12. Nc2 Be7 13. Ne3 O-O 14. Ng3 Bg6 15. Qd1 {0-1 Nandhidhaa,P (2358)-Gines Esteo,P (2500) Sitges Sunway op 9th 2022 (8)}) 9... Bg6 10. Bf4 Qd7 11. Bxg6 hxg6 12. Nc2 Nc6 13. Ne3 e6 {Not much happening anymore} 14. O-O Be7 15. a4 O-O 16. Nc1 Ne4 17. Qd1 {Repels Nd2} b5 18. f3 Nd6 19. Nd3 Nc4 20. Ng4 (20. Nc2 $11) 20... b4 $1 $15 21. b3 N4a5 22. cxb4 Nxb4 23. Nxb4 Bxb4 24. Qd3 Rfc8 25. Rfc1 {Inhibits Rc3.} Qb7 26. Ne5 Bd6 27. Rxc8+ Rxc8 (27... Qxc8 28. Nxg6 Bb4 29. Rc1 $16) 28. Rb1 Bb4 (28... Nc6 $17 {[%cal Oc6d4] Hoping for ...Nxd4!.} 29. Rc1 Bxe5 30. dxe5 Rb8) 29. Bd2 Nc6 (29... Bxd2 $5 30. Qxd2 Nc4 $17 (30... Nxb3 31. Qd1 $16)) 30. Nxc6 ({White should play} 30. Rc1 $1 $11 Nxe5 31. Rxc8+ Qxc8 32. dxe5 Bxd2 33. Qxd2) 30... Rxc6 31. Rc1 {[#]} Bxd2 32. Rxc6 Be3+ 33. Qxe3 Qxc6 $11 {[%mdl 4096] Endgame KQ-KQ} 34. Qd2 f6 35. f4 Qd6 36. b4 Qc6 37. a5 Qc4 38. Kh2 Qf1 39. Kg3 Kf7 40. Qc3 g5 (40... Kg8 $11 {keeps the balance.}) 41. Qc7+ ({White has to play} 41. fxg5 $16 Kg6 42. gxf6 gxf6 43. Qc2+ Kf7 44. Qc7+ Kg6 45. Qc2+) 41... Kg6 {[%cal Oe6e5] The position is equal.} 42. fxg5 Qe1+ 43. Kh2 Qxb4 44. gxf6 gxf6 45. Qb6 Qd2 46. Qxa6 Qf4+ 47. Kh1 {[#]} Qc1+ 48. Kh2 Qf4+ 49. Kh1 Qc1+ 50. Kh2 {Black must now prevent Qd3+.} Qf4+ {Weighted Error Value: White=0.14 (very precise) /Black=0.16 (very precise)   Mistake:       	White=3     	Black=2      Inaccurate:     	White=3     	Black=5      OK:         	White=16    	Black=16     Best:        	White=3     	Black=1      Strong:       	---       	Black=1} 1/2-1/2

[Event "8th Montevideo Open 2025"]
[Site "Montevideo"]
[Date "2025.02.07"]
[Round "7.15"]
[White "Errazola, Mauricio"]
[Black "Bauza, Alejandro"]
[Result "1-0"]
[Annotator "NA RC"]
[ECO "B00"]
[WhiteElo "1891"]
[BlackElo "2116"]
[PlyCount "99"]
[EventDate "2025.02.01"]
[EventType "swiss"]
[EventCountry "URU"]
[SourceTitle "playchess.com"]
[Source "ChessBase"]
[SourceQuality "1"]
[TimeControl "5400+30"]

1. e4 b6 2. d4 Bb7 3. Nc3 g6 4. Be3 Bg7 5. Bc4 e6 6. Nge2 Ne7 7. O-O a6 8. Qd2 h6 9. d5 Qc8 10. Rad1 b5 11. Bb3 exd5 12. Bd4 Bxd4 13. Qxd4 O-O 14. Qf6 Qd8 15. Nf4 c5 16. Bxd5 Nxd5 17. Nfxd5 b4 18. Ne7+ Kh7 19. Ncd5 a5 20. Qe5 Bxd5 21. Nxd5 Ra6 22. Rd2 Re6 23. Qf4 f5 24. e5 g5 25. Qg3 Kg7 26. Nf4 Rc6 27. Rfd1 Qe8 28. h4 Qe7 29. Nh5+ Kh8 30. Nf6 f4 31. Qd3 Rf7 32. Qg6 Rcxf6 33. exf6 Rxf6 34. Qh5 gxh4 35. Re2 Qg7 36. Qe8+ Rf8 37. Qe5 f3 38. Qxg7+ Kxg7 39. Re5 fxg2 40. Rxc5 h3 41. Rh5 Rf3 42. Rd3 Rxd3 43. cxd3 Nc6 44. Rxh3 Nd4 45. Kxg2 Ne2 46. Re3 Nf4+ 47. Kf3 Ne6 48. Re5 Nd4+ 49. Ke4 Nc6 50. Rd5 1-0